 Dungeon Crawl Stone Soup version 0.32-a0-382-g4a20d55 (webtiles) character file.

Game seed: 9819378576869213718

38 Nithhogg the Trooper (level 3, 0/33 HPs)
             Began as a Mountain Dwarf Fighter on Feb 19, 2024.
             Slain by Natasha (1 damage)
             ... on level 3 of the Dungeon.
             The game lasted 00:02:27 (1204 turns).

Nithhogg the Trooper (Mountain Dwarf Fighter)       Turns: 1204, Time: 00:02:28

Health: 0/33       AC:  8    Str: 20    XL:     3   Next: 25%
Magic:  4/4        EV:  9    Int:  8    God:
Gold:   165        SH:  0    Dex:  9    Spells: 2/2 levels left

rFire   . . .        a - +0 war axe
rCold   . . .        e - orb {mayhem}
rNeg    . . .        b - +1 scale mail
rPois   .            (no helmet)
rElec   .            (no cloak)
rCorr   .            (no gloves)
SInv    .            (no boots)
Will    .....        (no amulet) Stlth
                     (no ring)
HPRegen 0.25/turn    (no ring)
MPRegen 0.09/turn

%: mayhem
@: mighty
A: runic magic, artefact enchanting
a: no special abilities


You were on level 3 of the Dungeon.
You visited 1 branch of the dungeon, and saw 3 of its levels.

You collected 165 gold pieces.

Inventory:

Hand Weapons
 a - a +0 war axe (weapon)
 i - a +1 whip of freezing
Armour
 b - a +1 scale mail (worn)
 c - a +0 buckler
 e - an orb of mayhem (worn)
Scrolls
 f - a scroll of immolation {unknown}
 h - a scroll of amnesia
 j - a scroll of identify
 k - a scroll of teleportation {unknown}
 l - a scroll of poison
Potions
 g - 2 potions of curing {unknown}


   Skills:
 + Level 3.7 Fighting
 + Level 3.1 Axes
 + Level 3.7 Armour
 - Level 3.2 Shields
 + Level 1.6 Invocations


You had 2 spell levels left.
You didn't know any spells.
Your spell library contained the following spells:

 Spells                   Type           Power      Damage    Failure   Level
 Sting                    Conj/Alch      0%         1d3       50%         1
 Mercury Vapours          Alch/Air       0%         N/A       63%         2
 Olgreb's Toxic Radiance  Alch           0%         N/A       99%         4


Dungeon Overview and Level Annotations

Branches:
Dungeon (3/15)

Altars:

Annotations:
D:3 Natasha


Innate Abilities, Weirdness & Mutations

Your spellcasting is much less encumbered by armour.
You can use scrolls of enchantment on lesser artefacts.


Message History

Natasha casts a spell.
You barely miss Natasha.
Natasha is severely wounded.
The cerulean imp barely misses you. Natasha claws you but does no damage.
The cerulean imp hits you from afar with a +1 spear.
Natasha casts a spell at you. The magic dart hits you!
You barely miss Natasha.
Natasha is severely wounded.
The cerulean imp hits you from afar with a +2 spear.
The cerulean imp closely misses you. Natasha claws you.
The cerulean imp hits you but does no damage.
You are too injured to fight recklessly!
You are too injured to fight recklessly!
You are too injured to fight recklessly!
You are too injured to fight recklessly!
You are too injured to fight recklessly!
You closely miss Natasha.
Natasha is severely wounded.
The cerulean imp hits you from afar with a +1 spear.
Natasha completely misses you.
The cerulean imp hits you but does no damage.
You closely miss Natasha.
Natasha is severely wounded.
The cerulean imp misses you. Natasha claws you.
The cerulean imp hits you from afar with a +2 spear.
The cerulean imp closely misses you. Natasha closely misses you.
You barely miss Natasha.
Natasha is severely wounded.
The cerulean imp hits you but does no damage.
The cerulean imp hits you from afar with a +1 spear.
Natasha misses you.
The cerulean imp hits you from afar with a +2 spear.
* * * LOW HITPOINT WARNING * * *
You feel very mighty all of a sudden.
The cerulean imp hits you from afar with a +1 spear.
* * * LOW HITPOINT WARNING * * *
Natasha claws you.
You die...
Natasha curls up and begins to purr.

## ### # . ..#
.# #.#.###.#
#####.#5#...##
......h......#
#5.@....(#
####<....#
##...## #..#
..# .# .# #


You could see Natasha and 2 cerulean imps.

Vanquished Creatures
  A dart slug (D:1)
  3 endoplasms
  2 goblins
  2 hobgoblins (D:2)
  4 jackals (D:1)
  A quokka (D:1)
  2 bats
  A kobold (D:2)
  4 rats
20 creatures vanquished.

Notes
Turn   | Place    | Note
-------+----------+-------------------------------------------
     0 | D:1      | Nithhogg the Mountain Dwarf Fighter began the quest for the
                  | Orb.
     0 | D:1      | Reached XP level 1. HP: 19/19 MP: 1/1
    43 | D:1      | Reached skill level 1 in Invocations
    43 | D:1      | Reached XP level 2. HP: 25/26 MP: 2/2
   719 | D:2      | Reached XP level 3. HP: 33/33 MP: 4/4
  1152 | D:3      | Noticed Natasha
  1204 | D:3      | HP: 1/33 [cerulean imp/+1 spear[Natasha] (4)]
  1204 | D:3      | Slain by Natasha

Illustrated notes

Levels and vault maps discovered:
D:1:      minmay_arrival_four_loops, layout_loops_ring
D:2:      layout_rooms, minmay_statues_item
D:3:      kennysheep_the_goblin_king, layout_loops_ring, amcnicky_altar_gilded,
          serial_shops, shop, st_stairs_14, uniq_natasha

Skill      XL: |  1  2 |
---------------+-------+-----
Invocations    | 1 |  1.6
Axes           | 3 |  3.1
Fighting       | |  3.7
Armour         | |  3.7
Shields        | |  3.2

Action                     || total
---------------------------++-------
  Melee: War axe           ||    59
    Use: Scroll            ||     3
         Potion            ||     1
 Armour: Scale mail        ||    60
  Dodge: Dodged            ||    33

Table legend: (Time is in decaauts)
 A = Elapsed time spent in this place.
 B = Non-inter-level travel time spent in this place.
 C = Inter-level travel time spent in this place.
 D = Time resting spent in this place.
 E = Time spent auto-exploring this place.
 F = Levels seen in this place.
 G = Mean time per level.
                   A        B        C        D        E       F      G
               +--------+--------+--------+--------+--------+-----+--------+
         Total |   1227 |   1185 |     42 |     45 |    948 |   3 |  409.0 |
       Dungeon |   1227 |   1185 |     42 |     45 |    948 |   3 |  409.0 |
               +--------+--------+--------+--------+--------+-----+--------+

Top non-repeatable levels by time:
     D:1: 671 daAuts
     D:2: 537 daAuts
     D:3: 18 daAuts
